 Dungeon Sprint DCSS version 0.26-a0-43-g20b394cb32 (webtiles) character file.

Game seed: 16931456061967388310

3669034 Maedhros the Octopoid Barricade (level 21, 136/181 HPs)
             Began as an Octopode Artificer on June 2, 2020.
             Was the Champion of Fedhas.
             Escaped with the Orb
             ... and 2 runes!
             The game lasted 00:59:14 (8070 turns).

Maedhros the Octopoid Barricade (OpAr)              Turns: 8070, Time: 00:59:14

Health: 136/181    AC:  5    Str: 28    XL:     21   Next: 33%
Magic:  20/44      EV: 41    Int: 32    God:    Fedhas [******]
Gold:   136        SH: 30    Dex: 41    Spells: 33/69 levels left

rFire    + + .     SeeInvis +   q - +8 demon trident "Rift" {distort, reach+}
rCold    + + .     Gourm    .   J - +0 tower shield {rF+}
rNeg     . . .     Faith    .   x - +4 hat
rPois    +         Spirit   .   H - amulet "Mijeemia" {Regen+ Int+4 Dex+2}
rElec    .         Reflect  .   D - ring "Atsauli" {EV+4 Int+7 Stlth+}
rCorr    .         Harm     .   W - ring "Japhappo" {Dex+8 SInv}
MR       +++..     Rnd*Rage +   N - ring "Qiozxogg" {+Fly Slay+5} Stlth +++.......NoTele +
                                R - ring "Wesheb" {Str+4 Dex+4 Slay+5}
HPRegen  0.80/turn              S - ring of Levity {Wiz MR+ Str+4}
MPRegen  0.29/turn              Z - ring of Rixussono {rPois Str+3 Dex+5}
                                E - ring "Faim" {rF+ rC+ Int-3 SInv}
                                G - ring "Feamameh" {Str+6 Int+3 Dex+5}

@: no status effects
A: almost no armour, stealthy swim, amphibious, 8 rings, constrict 8, tentacle
spike 1, camouflage 1, berserk 2, clever 1, cold resistance 1, deterioration 1,
low mp 1, magic resistance 1, gelatinous body 1, subdued magic 1
0: Orb of Zot
}: 2/3 runes: golden, iron
a: Wall of Briars, Grow Ballistomycete, Overgrow, Grow Oklob, Renounce Religion,
Evoke Flight


You escaped.
You worshipped Fedhas.
Fedhas was exalted by your worship.
You were not hungry.

You visited 1 branch You collected 136 gold pieces.

Inventory:

Hand Weapons
 q - the +8 demon trident "Rift" (weapon) {distort, reach+}
   (You found it in the Dungeon)

   It warps and distorts space around it.
   Unwielding it can cause banishment or high damage.
Missiles
 F - 8 javelins (quivered)
Armour
 l - a +5 tower shield
 x - a +4 hat (worn)
 J - a +0 tower shield of fire resistance (worn)
Jewellery
 w - the ring of Altruism {Wiz +Fly rPois rF+ Dex+4}
   (You found it in the Dungeon)

   [ring of wizardry]

   It improves your spell success rate.
   It affects your dexterity (+4).
   It protects you from fire.
   It protects you from poison.
   It lets you fly.
 D - the ring "Atsauli" (left tentacle) {EV+4 Int+7 Stlth+}
   (You found it in the Dungeon)

   [ring of evasion]

   It affects your evasion (+4).
   It affects your intelligence (+7).
   It makes you more stealthy.
 E - the ring "Faim" (on tentacle) {rF+ rC+ Int-3 SInv}
   (You found it in the Dungeon)

   [ring of see invisible]

   It affects your intelligence (-3).
   It protects you from fire.
   It protects you from cold.
   It lets you see invisible.
 G - the ring "Feamameh" (on tentacle) {Str+6 Int+3 Dex+5}
   (You found it in the Dungeon)

   [ring of strength]

   It affects your strength (+6).
   It affects your intelligence (+3).
   It affects your dexterity (+5).
 H - the amulet "Mijeemia" (around mantle) {Regen+ Int+4 Dex+2}
   (You found it in the Dungeon)

   [amulet of regeneration]

   It affects your intelligence (+4).
   It affects your dexterity (+2).
   It increases your rate of regeneration.
 N - the ring "Qiozxogg" (on tentacle) {+Fly Slay+5}
   (You found it in the Dungeon)

   [ring of slaying]

   It affects your accuracy and damage with ranged weapons and melee attacks
   (+5).
   It lets you fly.
 O - the ring "Timix" {rN++ rCorr Stlth+}
   (You found it in the Dungeon)

   [ring of resist corrosion]

   It greatly protects you from negative energy.
   It provides partial protection from all sources of acid and corrosion.
   It makes you more stealthy.
 P - the ring "Keitass" {Wiz *Contam rElec Str+7 Stlth+}
   (You found it in the Dungeon)

   [ring of wizardry]

   It improves your spell success rate.
   It affects your strength (+7).
   It insulates you from electricity.
   It causes magical contamination when unequipped.
   It makes you more stealthy.
 R - the ring "Wesheb" (on tentacle) {Str+4 Dex+4 Slay+5}
   (You found it in the Dungeon)

   [ring of slaying]

   It affects your strength (+4).
   It affects your dexterity (+4).
   It affects your accuracy and damage with ranged weapons and melee attacks
   (+5).
 S - the ring of Levity (on tentacle) {Wiz MR+ Str+4}
   (You found it in the Dungeon)

   [ring of wizardry]

   It improves your spell success rate.
   It affects your strength (+4).
   It affects your resistance to hostile enchantments.
 T - the ring "Qylosuing" {Ice MR- Int+3 Dex+4 SInv}
   (You found it in the Dungeon)

   [ring of ice]

   It enhances your ice magic.
   It affects your intelligence (+3).
   It affects your dexterity (+4).
   It makes you vulnerable to fire.
   It protects you from cold.
   It affects your resistance to hostile enchantments.
   It lets you see invisible.
 U - the ring of Midsummer {+Blink rPois rF+ MR-}
   (You found it in the Dungeon)

   [ring of protection from fire]

   It protects you from fire.
   It protects you from poison.
   It affects your resistance to hostile enchantments.
   It lets you blink.
 W - the ring "Japhappo" (right tentacle) {Dex+8 SInv}
   (You found it in the Dungeon)

   [ring of see invisible]

   It affects your dexterity (+8).
   It lets you see invisible.
 X - the ring "Ichig" {rC+ rN+ Int+2}
   (You found it in the Dungeon)

   [ring of positive energy]

   It affects your intelligence (+2).
   It protects you from cold.
   It protects you from negative energy.
 Z - the ring of Rixussono (on tentacle) {rPois Str+3 Dex+5}
   (You found it in the Dungeon)

   [ring of poison resistance]

   It affects your strength (+3).
   It affects your dexterity (+5).
   It protects you from poison.
Wands
 b - a wand of flame (40)
 c - a wand of enslavement (7)
 d - a wand of random effects (13)
Scrolls
 k - 2 scrolls of identify
 m - 7 scrolls of remove curse
 n - 8 scrolls of amnesia
 o - a scroll of summoning
 p - 2 scrolls of vulnerability
 y - a scroll of magic mapping
 A - 6 scrolls of enchant weapon
Potions
 a - a potion of invisibility
 e - 5 potions of curing
 g - 6 potions of heal wounds
 h - 6 potions of haste
 i - 6 potions of magic
 s - a potion of stabbing
 t - 3 potions of mutation
 u - 4 potions of might
 v - 2 potions of brilliance
 B - 4 potions of berserk rage
 C - a potion of resistance
 M - a potion of flight
Miscellaneous
 j - 4 phantom mirrors
Comestibles
 f - 9 rations


   Skills:
 + Level 26.5 Fighting
   Level 1.0 Short Blades
 O Level 27 Polearms
 - Level 18.3 Dodging
 - Level 7.0 Stealth
 O Level 27 Shields
 - Level 10.7 Unarmed Combat
 + Level 24.8 Spellcasting
 O Level 27 Summonings
 - Level 18.7 Translocations
 * Level 13.8 Air Magic
 O Level 27 Invocations
 - Level 3.2 Evocations


You had 33 spell levels left.
You knew the following spells:

 Your Spells              Type           Power        Failure   Level  Hunger
a - Dragon's Call         Summ           ########..   1%          9    #####..
b - Controlled Blink      Tloc           N/A          1%          8    ##.....
c - Summon Forest         Summ/Tloc      #######...   0%          5    None
d - Aura of Abjuration    Summ           ########..   0%          5    None
e - Tornado               Air            #######...   61%         9    #####..

Your spell library contained the following spells:

 Spells                   Type           Power        Failure   Level  Hunger
 Apportation              Tloc           ######       0%          1    None
 Shock                    Conj/Air       ####         0%          1    None
 Summon Butterflies       Summ           ########     0%          1    None
 Summon Small Mammal      Summ           ####         0%          1    None
 Call Imp                 Summ           ########     0%          2    None
 Shroud of Golubria       Chrm/Tloc      ######       0%          2    None
 Call Canine Familiar     Summ           ########     0%          3    None
 Gell's Gravitas          Tloc           #######...   0%          3    None
 Lesser Beckoning         Tloc           #######...   0%          3    None
 Portal Projectile        Hex/Tloc       ######       0%          3    None
 Recall                   Summ/Tloc      N/A          0%          3    None
 Summon Guardian Golem    Hex/Summ       #######.     0%          3    None
 Teleport Other           Tloc           #######.     0%          3    None
 Airstrike                Air            #######...   0%          4    None
 Summon Ice Beast         Ice/Summ       #######.     0%          4    None
 Summon Lightning Spire   Summ/Air       #######.     0%          4    None
 Summon Demon             Summ           ########..   0%          5    None
 Dispersal                Tloc           #######...   0%          6    None
 Shadow Creatures         Summ           N/A          0%          6    None
 Malign Gateway           Summ/Tloc      #######...   0%          7    None
 Monstrous Menagerie      Summ           ########..   0%          7    None
 Summon Greater Demon     Summ           ########..   0%          7    None
 Corona                   Hex            ####...      1%          1    None
 Foxfire                  Conj/Fire      ####         1%          1    None
 Pain                     Necr           ####         1%          1    None
 Searing Ray              Conj           ####..       1%          2    None
 Slow                     Hex            ####....     1%          2    None
 Song of Slaying          Chrm           ####....     1%          2    None
 Swiftness                Chrm/Air       ######..     1%          2    None
 Conjure Flame            Conj/Fire      ####....     1%          3    None
 Dazzling Flash           Conj/Hex       ####..       1%          3    None
 Frozen Ramparts          Ice            ####..       1%          3    None
 Ignite Poison            Fire/Tmut/Pois ####....     1%          3    None
 Inner Flame              Hex/Fire       ####....     1%          3    None
 Ozocubu's Armour         Chrm/Ice       ####....     1%          3    None
 Static Discharge         Conj/Air       ######..     1%          3    None
 Tukima's Dance           Hex            ####....     1%          3    None
 Lightning Bolt           Conj/Air       ######....   1%          5    None
 Silence                  Hex/Air        ######....   1%          5    None
 Summon Mana Viper        Hex/Summ       #######.     1%          5    None
 Conjure Ball Lightning   Conj/Air       ######....   1%          6    None
 Disjunction              Tloc           #######...   1%          8    ##.....
 Summon Horrible Things   Summ           ########..   1%          8    ##.....
 Animate Dead             Necr           N/A          2%          4    None
 Cause Fear               Hex            ####......   2%          4    None
 Hailstorm                Conj/Ice       ####....     2%          4    None
 Leda's Liquefaction      Hex/Erth       ####......   2%          4    None
 Sticky Flame             Conj/Fire      ####....     2%          4    None
 Alistair's Intoxication  Tmut/Pois      ####....     6%          5    None
 Fireball                 Conj/Fire      ####......   6%          5    None
 Yara's Violent Unravell  Hex/Tmut       ####......   6%          5    None
 Darkness                 Hex            ####......   34%         6    None
 Invisibility             Hex            ####....     34%         6    None
 Simulacrum               Ice/Necr       ####......   34%         6    None
 Starburst                Conj/Fire      ####......   34%         6    None
 Chain Lightning          Conj/Air       ######....   65%         8    ##.....
 Ring of Flames           Chrm/Fire      ####......   88%         7    None
 Discord                  Hex            ####......   100%        8    ##.....
 Ignition                 Fire           ####......   100%        8    ##.....
 Lehudib's Crystal Spear  Conj/Erth      ####......   100%        8    ##.....
 Absolute Zero            Ice            ####......   100%        9    #####..
 Fire Storm               Conj/Fire      ####......   100%        9    #####..


Dungeon Overview and Level Annotations

Branches:
Dungeon (1/1)

Altars:
Ashenzari
Cheibriados
Dithmenos
Elyvilon
Fedhas
Gozag
Hepliaklqana
Kikubaaqudgha
Makhleb
Nemelex Xobeh
Okawaru
Qazlal
Ru
Sif Muna
Trog
Uskayaw
Vehumet
Wu Jian
Xom
Yredelemnul
Zin
The Shining One
Beogh
Jiyva
Lugonu


Innate Abilities, Weirdness & Mutations

You cannot wear most types of armour.
You are very stealthy in the water. (Stealth+)
You are amphibious.
You can wear up to eight rings at the same time.
You can use your tentacles to constrict eight enemies at once.
Your skin changes colour to match your surroundings (Stealth+).
Your rubbery body absorbs attacks. (AC +1, EV +1)
One of your tentacles bears a spike.
You often lose your temper in combat.
Your mind is acute. (Int +2)
Your flesh is cold resistant. (rC+)
Your body sometimes deteriorates upon taking damage.
Your magical capacity is low. (-10% MP)
You are resistant to hostile enchantments. (MR+)
Your spells are a little easier to cast, but a little less powerful.


Message History

The lorocyproca is severely wounded.
Attack whom?
Press: ? - help, Dir - move target cursor, f/p - lorocyproca
Aim: a lorocyproca (severely wounded, slightly transparent)
You puncture the lorocyproca!
Space bends around the lorocyproca.
The lorocyproca is almost dead.
Attack whom?
Press: ? - help, Dir - move target cursor, f/p - lorocyproca
Aim: a lorocyproca (almost dead, slightly transparent)
You impale the lorocyproca!!
You kill the lorocyproca!
Fedhas accepts your kill.
Attack whom?
Press: ? - help, Dir - move target cursor, f - reaper
Aim: a reaper, wielding a +3 scythe of flaming You impale the reaper!!
The reaper is moderately wounded.
The reaper blinks!
There is a staircase leading out of the dungeon here.
You have escaped!

##########.##................''..
#...........'................''P.
#'#####'#####......#..#......##..
#.#.)#.)#.÷##................##..
#.#..'..'..#####'#####''#########
#.##'####'###...2...##''#########
#.#..).....##.......##......'..'.
#.#........##.......##......'..'.
#.#####'#####...@...##.....##..##
#.#...)))[.##.......##...###....#
#.#...).)[.##.......##.)##.......
#'###########.......##++#...#..#.
#.......#..###########.[)........
#..#.#..#)############''#)..#..#.
#.##.##.#)#....#..[[##).##.......
#.÷)....#'#)...#..[[##...###....#
#.##.##.#))....'..))##.....##..##


You could see a reaper.

Vanquished Creatures
  Mnoleg (D)
  An orb of fire (D)
  3 ancient liches (D)
  3 greater mummies (D)
  Boris (D)
  Frederick (D)
  A golden dragon (D)
  2 pearl dragons (D)
  A Tzitzimitl (D)
  2 Brimstone Fiends (D)
  A hellephant (D)
  A tentacled monstrosity (D)
  A Hell Sentinel (D)
  9 Orb Guardians (D)
  4 deep elf blademasters (D)
  An Ice Fiend (D)
  A deep elf master archer (D)
  A titan (D)
  An acid blob (D)
  2 death cobs (D)
  2 liches (D)
  An Executioner (D)
  2 shadow dragons (D)
  A storm dragon (D)
  4 daevas (D)
  4 azure jellies (D)
  2 frost giants (D)
  A cacodemon (D)
  An emperor scorpion (D)
  A balrug (D)
  7 angels (D)
  A reaper (D)
  A war gargoyle (D)
  A stone giant (D)
  A green draconian (D)
  3 lorocyprocas (D)
  A deep elf annihilator (D)
  2 white draconians (D)
  A red draconian (D)
  A black draconian (D)
  A dire elephant (D)
  3 yellow draconians (D)
  An ettin (D)
  A green death (D)
  A yaktaur captain (D)
  3 death yaks (D)
  A deep troll earth mage (D)
  2 deep troll shamans (D)
  2 spriggan berserkers (D)
  7 hell knights (D)
  A sun demon (D)
  An iron troll (D)
  2 fire crabs (D)
  A cherub (D)
  A shadow wraith (D)
  A deep troll (D)
  2 orc knights (D)
  2 harpies (D)
  A necromancer (D)
  A deep elf mage (D)
  A guardian serpent (D)
  An elephant (D)
  A black mamba (D)
  A smoke demon (D)
  A hellion (D)
  A red devil (D)
  2 ice devils (D)
  A tyrant leech (D)
  A merfolk (D)
  A dream sheep (D)
  A shadow (D)
  2 yaks (D)
  A fire bat (D)
  A golden eye (D)
  A vampire mosquito (D)
  5 insubstantial wisps (D)
  A warg (D)
  3 nagas (D)
  3 floating eyes (D)
  A necrophage (D)
  2 wolves (D)
  A centaur (D)
  A gnoll sergeant (D)
  An iguana (D)
  A crimson imp (D)
  2 gnoll shamans (D)
  An iron imp (D)
  2 mummies (D)
  8 gnolls (D)
  A white imp (D)
  An adder skeleton (D)
  2 orcs (D)
  3 bats (D)
  A giant cockroach (D)
  2 jackals (D)
  A quokka (D)
  A ball python (D)
  2 bat simulacra (D)
  2 frilled lizards (D)
176 creatures vanquished.

Vanquished Creatures (collateral kills)
  the Serpent of Hell (D)
  Tiamat (D)
  4 orbs of fire (D)
  Mara (D)
  Mennas (D)
  2 ancient liches (D)
  4 greater mummies (D)
  A Killer Klown (D)
  Xtahua (D)
  Margery (D)
  the Lernaean hydra (D)
  2 curse toes (D)
  A profane servitor (D)
  Jory (D)
  Nikola (D)
  A pearl dragon (D)
  2 Brimstone Fiends (D)
  3 electric golems (D)
  2 tentacled monstrosities (D)
  2 hellephants (D)
  13 Orb Guardians (D)
  2 liches (D)
  3 titans (D)
  A pandemonium lord (D)
  2 deep elf blademasters (D)
  A quicksilver dragon (D)
  An Ice Fiend (D)
  Frances (D)
  An Executioner (D)
  A shadow dragon (D)
  22 daevas (D)
  An iron dragon (D)
  A draconian scorcher (D)
  A fire giant (D)
  A deep elf sorcerer (D)
  A draconian stormcaller (D)
  A cacodemon (D)
  A ghost moth (D)
  A balrug (D)
  2 orc warlords (D)
  2 draconian knights (D)
  Louise (D)
  A draconian shifter (D)
  3 draconian annihilators (D)
  17 angels (D)
  A spriggan defender (D)
  A war gargoyle (D)
  A stone giant (D)
  A stone giant (shapeshifter) (D)
  An ophan (D)
  An apis (D)
  2 green draconians (D)
  A black draconian (D)
  4 purple draconians (D)
  A white draconian (D)
  A yellow draconian (D)
  6 red draconians (D)
  2 deep elf death magi (D)
  3 blizzard demons (D)
  2 green deaths (D)
  A fire dragon (D)
  A merfolk impaler (D)
  A merfolk javelineer (D)
  A deep elf high priest (D)
  2 yaktaur captains (D)
  2 naga warriors (D)
  2 ice dragons (D)
  2 two-headed ogres (D)
  An ogre mage (D)
  An alligator snapping turtle (D)
  A centaur warrior (D)
  A deep troll shaman (D)
  An orc high priest (D)
  A vampire mage (D)
  A dancing weapon (D)
  A spriggan berserker (D)
  Urug (D)
  5 hell knights (D)
  3 deep elf knights (D)
  3 iron trolls (D)
  A salamander mystic (D)
  2 skeletal warriors (D)
  2 fire crabs (D)
  An unseen horror (D)
  3 deep trolls (D)
  A spriggan druid (D)
  24 cherubim (D)
  A swamp dragon (shapeshifter) (D)
  4 wizards (D)
  An infernal demonspawn (D)
  A harpy (D)
  A large abomination (D)
  A phantasmal warrior (D)
  2 necromancers (D)
  12 orc knights (D)
  A deep elf mage (D)
  2 ugly things (D)
  A lindwurm (D)
  A wolf spider (D)
  2 orc sorcerers (D)
  2 elephants (D)
  A rust devil (D)
  A gargoyle (D)
  2 naga magi (D)
  A freezing wraith (D)
  3 yaktaurs (D)
  A demonic crawler (D)
  2 guardian mummies (D)
  A tormentor (D)
  A troll (D)
  5 merfolk (D)
  A troll (shapeshifter) (D)
  A wind drake (D)
  A dream sheep (shapeshifter) (D)
  8 dream sheep (D)
  A hippogriff (D)
  A snapping turtle (D)
  A shadow (D)
  An air elemental (D)
  A tarantella (D)
  A yak (D)
  2 wyverns (D)
  A chaos spawn (D)
  3 vampire mosquitoes (D)
  A warg (D)
  3 nagas (D)
  3 insubstantial wisps (D)
  A swamp worm (shapeshifter) (D)
  3 floating eyes (D)
  5 orc warriors (D)
  A porcupine (D)
  A swamp drake (D)
  An ogre (D)
  An eye of draining (D)
  3 wolves (D)
  4 killer bees (D)
  A hound (D)
  An orc wizard (D)
  A gnoll shaman (D)
  A hell rat (D)
  7 gnolls (D)
  A worm (D)
  An adder simulacrum (D)
  4 orcs (D)
  A quokka (D)
  A frilled lizard (D)
  A quokka simulacrum (D)
  19 ballistomycete spores (D)
  2 fire vortices (D)
350 creatures vanquished.

Vanquished Creatures (others)
  A pandemonium lord (D)
  An ancient lich (D)
  A greater mummy (D)
  A bone dragon (D)
  3 Tzitzimimeh (D)
  4 Orb Guardians (D)
  An eldritch tentacle (D)
  An azure jelly (D)
  2 green draconians (D)
  A fire dragon (D)
  A deep elf high priest (D)
  A two-headed ogre (D)
  2 hell knights (D)
  2 skeletal warriors (D)
  An elephant (D)
  An ice devil (D)
  A wind drake (D)
  A dream sheep (D)
  A chaos spawn (D)
  An insubstantial wisp (D)
  A centaur (D)
  6 ballistomycete spores (D)
35 creatures vanquished.

Grand Total: 561 creatures vanquished

Notes
Turn   | Place    | Note
-------+----------+-------------------------------------------
     0 | D        | Maedhros the Octopode Artificer began the quest for the
                  | Orb.
     0 | D        | Reached XP level 1. HP: 13/13 MP: 3/3
     8 | D        | Noticed a floating eye
    10 | D        | Killed a floating eye
    10 | D        | Reached XP level 2. HP: 18/18 MP: 4/4
    10 | D        | Reached XP level 3. HP: 23/23 MP: 5/5
    10 | D        | Reached XP level 4. HP: 28/28 MP: 6/6
    15 | D        | Found a bloodstained altar of Trog.
    15 | D        | Found a shimmering blue altar of Sif Muna.
    15 | D        | Found a viscous altar of Jiyva.
    15 | D        | Found a hazy altar of Hepliaklqana.
    15 | D        | Found an opulent altar of Gozag.
    16 | D        | Found a glowing golden altar of the Shining One.
    16 | D        | Found a glowing silver altar of Zin.
    16 | D        | Found a basalt altar of Yredelemnul.
    16 | D        | Found a shimmering altar of Xom.
    16 | D        | Found an ornate altar of the Wu Jian Council.
    16 | D        | Found a sacrificial altar of Ru.
    16 | D        | Found a stormy altar of Qazlal.
    16 | D        | Found an iron altar of Okawaru.
    16 | D        | Found a sparkling altar of Nemelex Xobeh.
    16 | D        | Found a burning altar of Makhleb.
    16 | D        | Found a blossoming altar of Fedhas.
    16 | D        | Found a white marble altar of Elyvilon.
    16 | D        | Found a shadowy altar of Dithmenos.
    16 | D        | Found a snail-covered altar of Cheibriados.
    17 | D        | Found a radiant altar of Vehumet.
    17 | D        | Found a corrupted altar of Lugonu.
    17 | D        | Found a roughly hewn altar of Beogh.
    18 | D        | Found an ancient bone altar of Kikubaaqudgha.
    18 | D        | Found a hide-covered altar of Uskayaw.
    18 | D        | Found a shattered altar of Ashenzari.
    23 | D        | Became a worshipper of Xom of Chaos
    26 | D        | Fell from the grace of Xom
    26 | D        | Became a worshipper of Fedhas Madash
    79 | D        | Reached * piety under Fedhas
    82 | D        | Reached XP level 5. HP: 18/33 MP: 7/7
    91 | D        | Reached ** piety under Fedhas
   160 | D        | XOM: torment (10/33 hp)
   369 | D        | Noticed a floating eye
   371 | D        | Killed a floating eye
   371 | D        | Reached skill level 10 in Unarmed Combat
   371 | D        | Reached XP level 6. HP: 38/38 MP: 8/8
   385 | D        | XOM: give mutation
   385 | D        | Gained mutation: Your body sometimes deteriorates upon
                  | taking damage. [Xom's mischief]
   405 | D        | Reached *** piety under Fedhas
   423 | D        | Reached skill level 5 in Dodging
   426 | D        | Reached **** piety under Fedhas
   437 | D        | Noticed a deep elf mage
   443 | D        | Killed a deep elf mage
   443 | D        | Reached XP level 7. HP: 53/53 MP: 9/9
   476 | D        | Noticed a shadow
   479 | D        | Killed a shadow
   479 | D        | Reached skill level 10 in Dodging
   479 | D        | Reached XP level 8. HP: 60/60 MP: 10/10
   483 | D        | Noticed a death yak
   484 | D        | Reached ***** piety under Fedhas
   494 | D        | Killed a death yak
   721 | D        | Reached ****** piety under Fedhas
   721 | D        | Reached XP level 9. HP: 67/67 MP: 11/11
   814 | D        | Noticed a freezing wraith
   814 | D        | Noticed a white draconian
   875 | D        | Noticed a fire crab
   875 | D        | Noticed a frost giant
   875 | D        | Noticed an ice dragon
   875 | D        | Noticed a minotaur
   875 | D        | Noticed a tyrant leech
   875 | D        | Noticed a death yak
   875 | D        | Noticed a death yak
  1162 | D        | Noticed a phantasmal warrior
  1170 | D        | Killed a phantasmal warrior
  1173 | D        | Noticed a black mamba
  1184 | D        | Reached skill level 10 in Invocations
  1191 | D        | Killed a black mamba
  1199 | D        | Noticed a demonic crawler
  1207 | D        | Killed a demonic crawler
  1207 | D        | Reached XP level 10. HP: 39/74 MP: 2/19
  1320 | D        | XOM: polymorph oklob plant -> oklob plant
  1380 | D        | Noticed a naga mage
  1380 | D        | Noticed a salamander mystic
  1503 | D        | Noticed an orc knight
  1503 | D        | Noticed a gargoyle
  1518 | D        | Killed a gargoyle
  1526 | D        | Killed an orc knight
  1586 | D        | Killed a salamander mystic
  1586 | D        | Reached skill level 15 in Invocations
  1605 | D        | Noticed a two-headed ogre
  1608 | D        | Noticed a death cob
  1640 | D        | Killed a death cob
  1677 | D        | Killed a naga mage
  1783 | D        | XOM: divination: magic mapping
  1902 | D        | Noticed a merfolk javelineer
  1998 | D        | XOM: cloud trail
  2135 | D        | Reached XP level 11. HP: 71/80 MP: 16/23
  2155 | D        | Reached skill level 10 in Fighting
  2155 | D        | Noticed a lindwurm
  2162 | D        | Killed a merfolk javelineer
  2167 | D        | Killed an unseen horror
  2167 | D        | Killed a lindwurm
  2228 | D        | XOM: chaos upgrade
  2363 | D        | XOM: draining
  2539 | D        | Noticed an orc sorcerer
  2542 | D        | Killed an orc sorcerer
  2545 | D        | Noticed an orc high priest
  2549 | D        | Killed an orc high priest
  2562 | D        | Noticed an orc sorcerer
  2566 | D        | Killed an orc sorcerer
  2581 | D        | Noticed a two-headed ogre
  2581 | D        | Noticed a large abomination
  2581 | D        | Noticed a two-headed ogre
  2586 | D        | Killed a two-headed ogre
  2588 | D        | Killed a large abomination
  2595 | D        | Killed a two-headed ogre
  2604 | D        | Noticed Urug
  2618 | D        | Killed Urug
  2631 | D        | XOM: summons 7 hostile demons
  2632 | D        | Noticed a sun demon
  2632 | D        | Noticed a sixfirhy
  2664 | D        | Noticed a harpy
  2665 | D        | Noticed a harpy
  2666 | D        | Noticed a harpy
  2668 | D        | Killed a harpy
  2672 | D        | Killed a harpy
  2676 | D        | Killed a harpy
  2711 | D        | Noticed an alligator snapping turtle
  2727 | D        | Killed an alligator snapping turtle
  2744 | D        | Noticed a wizard
  2749 | D        | Killed a wizard
  2749 | D        | Reached skill level 15 in Dodging
  2749 | D        | Reached XP level 12. HP: 92/92 MP: 3/25
  2750 | D        | Noticed a deep elf high priest
  2752 | D        | Noticed a red draconian
  2752 | D        | Noticed a lich
  2752 | D        | Noticed a white draconian
  2753 | D        | Noticed a red draconian
  2758 | D        | Noticed a reaper
  2761 | D        | Noticed a deep elf death mage
  2761 | D        | Killed a lich
  2762 | D        | Killed a deep elf high priest
  2763 | D        | Killed a red draconian
  2764 | D        | Noticed a jiangshi
  2766 | D        | Noticed a vampire mage
  2766 | D        | Killed a deep elf death mage
  2766 | D        | Killed a red draconian
  2769 | D        | Killed a vampire mage
  2774 | D        | Noticed a yellow draconian shifter
  2774 | D        | Noticed a yellow draconian
  2774 | D        | Noticed Frances
  2786 | D        | Killed a yellow draconian shifter
  2787 | D        | Killed a yellow draconian
  2789 | D        | Killed a white draconian
  2793 | D        | Killed Frances
  2796 | D        | Noticed a deep elf death mage
  2797 | D        | Killed a deep elf death mage
  2798 | D        | Noticed a yaktaur captain
  2801 | D        | Killed a yaktaur captain
  3012 | D        | Noticed a green draconian annihilator
  3019 | D        | Noticed a green draconian annihilator
  3024 | D        | Killed a green draconian annihilator
  3027 | D        | Killed a green draconian annihilator
  3035 | D        | XOM: give mutations
  3035 | D        | Gained mutation: Scrolls take you a little longer to read.
                  | [Xom's mischief]
  3035 | D        | Gained mutation: You are weak. (Str -2) [Xom's mischief]
  3035 | D        | Gained mutation: You are very weak. (Str -4) [Xom's
                  | mischief]
  3035 | D        | Gained mutation: You are clumsy. (Dex -2) [Xom's mischief]
  3038 | D        | Got the Reference Book on Dislocated Enchantment
  3045 | D        | Noticed a black draconian knight
  3046 | D        | Got Sif Muna's Reference Book on Boosting Attacks
  3068 | D        | Killed a black draconian knight
  3093 | D        | Noticed a merfolk impaler
  3101 | D        | Noticed a shock serpent
  3101 | D        | Noticed Xtahua
  3158 | D        | Killed a merfolk impaler
  3158 | D        | Reached skill level 1 in Spellcasting
  3159 | D        | Noticed a red draconian
  3162 | D        | Noticed an ogre mage
  3162 | D        | Killed a red draconian
  3163 | D        | Noticed a spriggan berserker
  3164 | D        | Killed a spriggan berserker
  3164 | D        | Reached XP level 13. HP: 80/102 MP: 16/27
  3164 | D        | Noticed a blizzard demon
  3167 | D        | Reached skill level 15 in Fighting
  3169 | D        | Killed a blizzard demon
  3180 | D        | Killed Xtahua
  3197 | D        | Got Sif Muna's Catalogue of the Entourage and Protection
  3223 | D        | Lost mutation: Scrolls take you a little longer to read.
                  | [potion of mutation]
  3223 | D        | Lost mutation: Your body sometimes deteriorates upon taking
                  | damage. [potion of mutation]
  3223 | D        | Lost mutation: You are clumsy. (Dex -2) [potion of
                  | mutation]
  3223 | D        | Lost mutation: You are very weak. (Str -4) [potion of
                  | mutation]
  3223 | D        | Gained mutation: You are resistant to hostile enchantments.
                  | (MR+) [potion of mutation]
  3223 | D        | Gained mutation: Your spells are a little harder to cast,
                  | but a little more powerful. [potion of mutation]
  3224 | D        | Lost mutation: Your spells are a little harder to cast, but
                  | a little more powerful. [potion of mutation]
  3224 | D        | Lost mutation: You are weak. (Str -2) [potion of mutation]
  3224 | D        | Gained mutation: Your flesh is cold resistant. (rC+)
                  | [potion of mutation]
  3224 | D        | Gained mutation: Your mind is acute. (Int +2) [potion of
                  | mutation]
  3224 | D        | Gained mutation: You tend to lose your temper in combat.
                  | [potion of mutation]
  3224 | D        | Gained mutation: One of your tentacles bears a spike.
                  | [potion of mutation]
  3234 | D        | Got the amulet of Ivuleo {Faith rPois Str+2 Dex+4}
  3236 | D        | Got the amulet of the Lotus Blossom {Faith Str+5 Int-2
                  | Slay+3}
  3238 | D        | Got the amulet of Maorph {Reflect rPois Slay+2 SH+5}
  3240 | D        | Got the amulet of Alimuir {RegenMP +Inv Str-4 Dex+2 Stlth+}
  3242 | D        | Got the amulet "Vogusk" {Reflect Str+3 SH+5}
  3244 | D        | Got the ring "Nuzipsu" {MP+9 Dex+5}
  3246 | D        | Got the ring of Jizet {rElec rPois rN++ Int-5 Stlth+}
  3248 | D        | Got the amulet "Wofiw" {Faith Int+2}
  3250 | D        | Got the ring "Qiozxogg" {+Fly Slay+5}
  3252 | D        | Got the ring "Timix" {rN++ rCorr Stlth+}
  3255 | D        | Got the amulet "Leoj" {RegenMP rPois rN+}
  3257 | D        | Got the amulet of the Skies Above {Faith rElec Str-5 Dex+3}
  3259 | D        | Got the ring "Wesheb" {Str+4 Dex+4 Slay+5}
  3269 | D        | XOM: give mutations
  3269 | D        | Gained mutation: Your body sometimes deteriorates upon
                  | taking damage. [Xom's mischief]
  3269 | D        | Lost mutation: Your mind is acute. (Int +2) [Xom's
                  | mischief]
  3269 | D        | Lost mutation: Your body sometimes deteriorates upon taking
                  | damage. [Xom's mischief]
  3271 | D        | Got the ring of Levity {Wiz MR+ Str+4}
  3273 | D        | Got the ring "Qylosuing" {Ice MR- Int+3 Dex+4 SInv}
  3275 | D        | Got the ring of Midsummer {+Blink rPois rF+ MR-}
  3277 | D        | Got the ring "Vobib" {Str+6 Int+5}
  3279 | D        | Got the ring "Japhappo" {Dex+8 SInv}
  3282 | D        | Got the ring "Ichig" {rC+ rN+ Int+2}
  3284 | D        | Got the ring "Womeciz" {Fire MP+9 Int+2 Stlth+}
  3286 | D        | Got the ring of Rixussono {rPois Str+3 Dex+5}
  3304 | D        | Got the ring "Hupubim" {Ice +Inv MR+ Int+5 Dex-5}
  3306 | D        | Got the ring "Huaj" {Fire rElec Str+2 Int+4 Slay+2}
  3310 | D        | Got the ring "Faim" {rF+ rC+ Int-3 SInv}
  3312 | D        | Got the ring "Feamameh" {Str+6 Int+3 Dex+5}
  3367 | D        | Noticed a deep elf blademaster
  3368 | D        | Noticed a war gargoyle
  3374 | D        | Killed a deep elf blademaster
  3381 | D        | Killed a war gargoyle
  3381 | D        | Reached skill level 5 in Spellcasting
  3404 | D        | Noticed an orc warlord
  3409 | D        | Killed an orc warlord
  3424 | D        | Noticed an orc warlord
  3432 | D        | Killed an orc warlord
  3476 | D        | Noticed a yaktaur captain
  3483 | D        | Killed a yaktaur captain
  3517 | D        | Found the +8 frozen axe "Frostbite" {freezing cloud, *Noise
                  | +Fly rC+}
  3570 | D        | Noticed a tentacled monstrosity
  3575 | D        | Killed a tentacled monstrosity
  3579 | D        | Noticed a shadow dragon
  3590 | D        | Killed a shadow dragon
  3590 | D        | Reached skill level 5 in Shields
  3599 | D        | Noticed a hellephant
  3617 | D        | Killed a hellephant
  3617 | D        | Reached XP level 14. HP: 99/113 MP: 29/29
  3629 | D        | Noticed an ancient lich
  3637 | D        | XOM: give mutations
  3637 | D        | Gained mutation: Your body sometimes deteriorates upon
                  | taking damage. [Xom's mischief]
  3637 | D        | Gained mutation: Your magical capacity is low. (-10% MP)
                  | [Xom's mischief]
  3653 | D        | Killed an ancient lich
  3653 | D        | Reached skill level 10 in Shields
  3653 | D        | Reached skill level 10 in Spellcasting
  3662 | D        | Noticed a deep elf sorcerer
  3662 | D        | Noticed a bone dragon
  3676 | D        | Killed a deep elf sorcerer
  3686 | D        | Killed a bone dragon
  3697 | D        | Noticed an ancient lich
  3700 | D        | Killed an ancient lich
  3703 | D        | Noticed a deep elf blademaster
  3706 | D        | Noticed a Killer Klown
  3706 | D        | Noticed a deep elf blademaster
  3706 | D        | Noticed a fire giant
  3706 | D        | Noticed a yellow draconian scorcher
  3708 | D        | Killed a fire giant
  3708 | D        | Noticed a purple draconian
  3708 | D        | Noticed a white draconian annihilator
  3709 | D        | Killed a deep elf blademaster
  3709 | D        | Killed a Killer Klown
  3710 | D        | Noticed a balrug
  3711 | D        | Killed a deep elf blademaster
  3712 | D        | Killed a yellow draconian scorcher
  3713 | D        | Killed a white draconian annihilator
  3713 | D        | Reached skill level 15 in Shields
  3715 | D        | Noticed a cacodemon
  3715 | D        | Killed a balrug
  3715 | D        | Killed a purple draconian
  3716 | D        | Killed a cacodemon
  3728 | D        | Got the ring "Afeilowk" {AC+4 Int+4}
  3728 | D        | XOM: polymorph burning bush -> burning bush
  3730 | D        | Got the amulet of Emuetasa {Inacc Int+6}
  3732 | D        | Got the ring of Trepidation {Fire +Inv}
  3736 | D        | Got the amulet "Fiemn" {Faith rC+ SInv Stlth-}
  3739 | D        | Got the ring of Ifoch {+Fly rElec rPois Int-4 Dex+3}
  3746 | D        | Got the amulet "Mijeemia" {Regen+ Int+4 Dex+2}
  3763 | D        | Noticed an Executioner
  3763 | D        | Noticed a black draconian stormcaller
  3764 | D        | Noticed a shadow dragon
  3766 | D        | Noticed a ghost moth
  3771 | D        | Noticed a lich
  3771 | D        | Killed an Executioner
  3775 | D        | Killed a ghost moth
  3776 | D        | Killed a black draconian stormcaller
  3778 | D        | Killed a lich
  3778 | D        | Reached XP level 15. HP: 89/118 MP: 1/29
  3779 | D        | Killed a shadow dragon
  3794 | D        | Noticed a titan
  3924 | D        | Noticed a greater mummy
  3927 | D        | Killed a titan
  3938 | D        | Killed a greater mummy
  4042 | D        | Noticed Nikola
  4052 | D        | Killed Nikola
  4065 | D        | Identified the cursed +0 tower shield "Axapogul" {+Fly
                  | rPois rCorr Stlth-}
  4065 | D        | Noticed Louise
  4086 | D        | Killed Louise
  4086 | D        | Reached skill level 15 in Spellcasting
  4271 | D        | Noticed an iron dragon
  4276 | D        | Noticed a ghost moth
  4276 | D        | an alligator changed into a ghost moth
  4279 | D        | a ghost moth changed into a six-headed hydra
  4281 | D        | Killed an iron dragon
  4312 | D        | Noticed a Brimstone Fiend
  4320 | D        | Killed a Brimstone Fiend
  4323 | D        | Noticed a pearl dragon
  4328 | D        | Killed a pearl dragon
  4343 | D        | Noticed an orb of fire
  4361 | D        | Killed an orb of fire
  4375 | D        | Noticed a golden dragon
  4387 | D        | Killed a golden dragon
  4392 | D        | Noticed a deep elf master archer
  4397 | D        | Killed a deep elf master archer
  4465 | D        | Noticed an angel
  4465 | D        | Noticed a daeva
  4465 | D        | Noticed a daeva
  4465 | D        | Noticed a daeva
  4465 | D        | Noticed a daeva
  4465 | D        | Noticed an angel
  4465 | D        | Noticed a pearl dragon
  4465 | D        | Noticed an angel
  4465 | D        | Noticed an angel
  4465 | D        | Noticed an angel
  4465 | D        | Noticed a daeva
  4465 | D        | Noticed a daeva
  4465 | D        | Noticed an angel
  4465 | D        | Noticed an angel
  4465 | D        | Noticed an angel
  4465 | D        | Noticed a daeva
  4465 | D        | Noticed a daeva
  4465 | D        | Noticed an angel
  4465 | D        | Noticed an angel
  4465 | D        | Noticed an angel
  4466 | D        | Found the +8 demon trident "Rift" {distort, reach+}
  4487 | D        | Killed an angel
  4487 | D        | a daeva changed into an apis
  4487 | D        | XOM: polymorph daeva -> apis
  4497 | D        | Killed an angel
  4500 | D        | Noticed an angel
  4501 | D        | Killed a daeva
  4509 | D        | Killed an angel
  4511 | D        | Killed an angel
  4525 | D        | Killed a daeva
  4552 | D        | Noticed a daeva
  4560 | D        | Noticed an angel
  4562 | D        | Identified the +10 spear "Oddona Bomuy" {speed, MR+}
  4565 | D        | Noticed an angel
  4565 | D        | Noticed a daeva
  4565 | D        | Killed a daeva
  4565 | D        | Reached XP level 16. HP: 82/125 MP: 3/33
  4567 | D        | Killed a daeva
  4572 | D        | Noticed a daeva
  4573 | D        | Killed a daeva
  4574 | D        | Noticed a daeva
  4576 | D        | Killed a daeva
  4577 | D        | Noticed a daeva
  4579 | D        | Killed a daeva
  4582 | D        | Killed a daeva
  4592 | D        | Killed a daeva
  4614 | D        | Noticed a daeva
  4615 | D        | Killed a daeva
  4621 | D        | Noticed a daeva
  4623 | D        | Killed a daeva
  4659 | D        | Noticed a daeva
  4662 | D        | Killed a daeva
  4665 | D        | Noticed a daeva
  4665 | D        | Noticed a daeva
  4665 | D        | Killed a pearl dragon
  4666 | D        | Killed a daeva
  4666 | D        | Noticed a daeva
  4684 | D        | Killed a daeva
  4690 | D        | Killed a daeva
  4693 | D        | Noticed a daeva
  4694 | D        | Identified the +9 war axe "Xaeg" {protect, SInv}
  4695 | D        | Reached skill level 27 in Shields
  4696 | D        | Identified the +10 great sword of Subterfuge {flame, *Noise
                  | rF+ rN+++}
  4721 | D        | XOM: summons 6 hostile demons
  4725 | D        | Noticed a daeva
  4735 | D        | Killed a daeva
  4738 | D        | Noticed a daeva
  4744 | D        | Noticed a daeva
  4744 | D        | Killed a daeva
  4748 | D        | Killed a daeva
  4853 | D        | Noticed a daeva
  4860 | D        | Killed a daeva
  4887 | D        | Killed a daeva
  4893 | D        | Noticed a daeva
  4894 | D        | Noticed a daeva
  4898 | D        | Killed a daeva
  4899 | D        | Killed a daeva
  4902 | D        | Killed a daeva
  4902 | D        | Noticed a daeva
  4904 | D        | Killed a daeva
  4909 | D        | Killed a daeva
  4926 | D        | Killed a daeva
  4940 | D        | Reached XP level 17. HP: 127/135 MP: 22/34
  4971 | D        | Got a golden rune of Zot
  4995 | D        | Got Gisuc's Guide on the Ghastly Frostbite
  5016 | D        | Learned a level 9 spell: Dragon's Call
  5025 | D        | Learned a level 8 spell: Controlled Blink
  5031 | D        | Learned a level 5 spell: Summon Forest
  5092 | D        | Reached skill level 1 in Polearms
  5092 | D        | Reached skill level 1 in Summonings
  5092 | D        | Reached skill level 1 in Translocations
  5156 | D        | Noticed an ancient lich
  5160 | D        | Banished an ancient lich
  5160 | D        | Reached skill level 5 in Polearms
  5160 | D        | Reached skill level 5 in Summonings
  5160 | D        | Reached skill level 5 in Translocations
  5164 | D        | Noticed Plog the pandemonium lord
  5176 | D        | Banished Plog the pandemonium lord
  5182 | D        | Noticed an acid blob
  5182 | D        | Noticed a deep elf blademaster
  5188 | D        | Killed an acid blob
  5196 | D        | Killed a deep elf blademaster
  5245 | D        | Noticed a Tzitzimitl
  5249 | D        | Killed a Tzitzimitl
  5366 | D        | Noticed a titan
  5366 | D        | Noticed an orb of fire
  5368 | D        | Gained mutation: Your mind is acute. (Int +2) [an orb of
                  | fire]
  5376 | D        | Killed an orb of fire
  5376 | D        | Reached skill level 10 in Polearms
  5376 | D        | Reached skill level 10 in Summonings
  5376 | D        | Reached skill level 10 in Translocations
  5378 | D        | Killed a titan
  5505 | D        | Noticed an orb of fire
  5508 | D        | Gained mutation: You often lose your temper in combat. [an
                  | orb of fire]
  5510 | D        | Gained mutation: Your spells are a little easier to cast,
                  | but a little less powerful. [an orb of fire]
  5513 | D        | Killed an orb of fire
  5556 | D        | XOM: torment (63/135 hp)
  5662 | D        | Noticed a greater mummy
  5666 | D        | Banished a greater mummy
  5746 | D        | Noticed a deep elf blademaster
  5746 | D        | Noticed an ancient lich
  5752 | D        | Killed an ancient lich
  5755 | D        | Killed a deep elf blademaster
  5801 | D        | Noticed a Tzitzimitl
  5801 | D        | Noticed a greater mummy
  5805 | D        | Banished a Tzitzimitl
  5811 | D        | Killed a greater mummy
  5811 | D        | Reached skill level 15 in Polearms
  5811 | D        | Reached skill level 15 in Summonings
  5811 | D        | Reached skill level 15 in Translocations
  5811 | D        | Reached XP level 18. HP: 133/143 MP: 35/35
  5827 | D        | Noticed a Brimstone Fiend
  5837 | D        | Killed a Brimstone Fiend
  5889 | D        | XOM: summons 3 hostile demons
  5934 | D        | Noticed Mennas
  5934 | D        | Noticed a tentacled monstrosity
  5934 | D        | Noticed a tentacled monstrosity
  5940 | D        | Killed Mennas
  5945 | D        | Killed a tentacled monstrosity
  5947 | D        | Killed a tentacled monstrosity
  5986 | D        | Noticed a greater mummy
  5990 | D        | Killed a greater mummy
  5992 | D        | Noticed a Brimstone Fiend
  5992 | D        | Noticed an ancient lich
  5998 | D        | Killed an ancient lich
  6003 | D        | Killed a Brimstone Fiend
  6012 | D        | Noticed Frederick
  6015 | D        | Killed Frederick
  6045 | D        | Noticed a Tzitzimitl
  6049 | D        | Banished a Tzitzimitl
  6055 | D        | Noticed a lich
  6057 | D        | Killed a lich
  6093 | D        | Noticed an Ice Fiend
  6097 | D        | Killed an Ice Fiend
  6177 | D        | Got the ring "Atsauli" {EV+4 Int+7 Stlth+}
  6179 | D        | Got the ring "Keitass" {Wiz *Contam rElec Str+7 Stlth+}
  6196 | D        | Got the ring "Arimp" {+Fly rElec MR+ Str-4}
  6199 | D        | Got the ring "Sudab" {+Fly rF- MR+ Str+5}
  6202 | D        | Got the ring of the Howling Hero {rF+ rN+ Str-2 Int-4}
  6205 | D        | Got the ring of the Manifold Xalams {rN+ Int+3 Dex+5 SInv}
  6208 | D        | Got the ring of Emigal {rN+ MR+}
  6211 | D        | Got the ring "Hovo" {rPois Slay+5 Stlth+}
  6214 | D        | Got an iron rune of Zot
  6216 | D        | Got the amulet of Nojich {Acrobat +Inv Str-3 Dex+5}
  6220 | D        | Got the ring "Itysedgh" {+Fly Str-4 Dex+5}
  6223 | D        | Got the amulet of the Devil {Faith +Fly Str-2 Int-3 Stlth+}
  6226 | D        | Got the ring of Altruism {Wiz +Fly rPois rF+ Dex+4}
  6455 | D        | Got the ring "Bareytal" {+Inv rPois rF- rC+ MP-9}
  6461 | D        | Got the ring "Ysiserer" {*Corrode rF- MP+9 Dex+8 Stlth+}
  6534 | D        | Paralysed by a floating eye for 4 turns
  6657 | D        | Noticed Mara
  6660 | D        | Noticed Maedhros's illusion
  6670 | D        | Killed Mara
  6674 | D        | XOM: draining
  6711 | D        | Reached XP level 19. HP: 148/148 MP: 36/36
  6763 | D        | Noticed a lich
  6763 | D        | Noticed Boris
  6767 | D        | Killed Boris
  6778 | D        | Killed a lich
  6872 | D        | Noticed Jory
  6872 | D        | Noticed a greater mummy
  6883 | D        | Noticed Acroisa the pandemonium lord
  6884 | D        | Noticed a hellephant
  6886 | D        | Noticed a profane servitor
  6889 | D        | Noticed a curse toe
  6891 | D        | Killed Jory
  6894 | D        | Killed a greater mummy
  6899 | D        | Killed a profane servitor
  6905 | D        | Killed Acroisa the pandemonium lord
  6908 | D        | Killed a curse toe
  6915 | D        | Killed a hellephant
  6916 | D        | Noticed Mnoleg
  6927 | D        | Noticed a hellephant
  6945 | D        | Killed Mnoleg
  6952 | D        | XOM: polymorph oklob plant -> oklob plant
  7052 | D        | XOM: torment (56/148 hp)
  7052 | D        | Was forgiven by Xom
  7323 | D        | Noticed an ancient lich
  7330 | D        | Killed an ancient lich
  7331 | D        | Noticed an electric golem
  7341 | D        | Reached skill level 27 in Polearms
  7342 | D        | Killed an electric golem
  7342 | D        | Reached skill level 27 in Summonings
  7360 | D        | Noticed Margery
  7364 | D        | Killed Margery
  7376 | D        | Identified the +7 sceptre of Asmodeus
  7376 | D        | Noticed Asmodeus
  7378 | D        | Banished Asmodeus
  7378 | D        | Reached XP level 20. HP: 142/158 MP: 36/38
  7392 | D        | Noticed Antaeus
  7403 | D        | Noticed a pearl dragon
  7416 | D        | Killed a pearl dragon
  7427 | D        | Banished Antaeus
  7525 | D        | Noticed a Tzitzimitl
  7549 | D        | Banished a Tzitzimitl
  7595 | D        | Noticed an electric golem
  7598 | D        | Killed an electric golem
  7606 | D        | Noticed Xylianuc the pandemonium lord
  7610 | D        | Killed Xylianuc the pandemonium lord
  7615 | D        | Noticed an orb of fire
  7618 | D        | Noticed an orb of fire
  7619 | D        | Killed an orb of fire
  7619 | D        | Reached skill level 27 in Invocations
  7621 | D        | Noticed an electric golem
  7622 | D        | Killed an electric golem
  7627 | D        | Noticed the 27-headed Lernaean hydra
  7628 | D        | Killed an orb of fire
  7631 | D        | Killed the 27-headed Lernaean hydra
  7635 | D        | Noticed a greater mummy
  7637 | D        | Killed a greater mummy
  7642 | D        | Noticed a curse toe
  7645 | D        | Killed a curse toe
  7646 | D        | Identified the +4 dragonskin cloak
  7646 | D        | Noticed Tiamat
  7654 | D        | Killed Tiamat
  7766 | D        | Noticed a Brimstone Fiend
  7776 | D        | Killed a Brimstone Fiend
  7843 | D        | Noticed a hellephant
  7844 | D        | Learned a level 5 spell: Aura of Abjuration
  7854 | D        | Killed a hellephant
  7854 | D        | Reached XP level 21. HP: 179/179 MP: 42/43
  7865 | D        | Learned a level 9 spell: Tornado
  7880 | D        | Noticed the Serpent of Hell
  7882 | D        | Noticed a greater mummy
  7882 | D        | Noticed a greater mummy
  7891 | D        | Killed the Serpent of Hell
  7913 | D        | Killed a greater mummy
  7913 | D        | Reached skill level 10 in Air Magic
  7917 | D        | Killed a greater mummy
  7926 | D        | Got the Orb of Zot
  8070 | D        | Escaped with the Orb!

Illustrated notes

Levels and vault maps discovered:
D:        pitsprint [storerooms_1, entrance_room_1, metal_vault_4, armoury_3,
          mini_pit_1, grid_room_1, main_hall_1, silver_pit, the_coven_3,
          the_vestibule_1, steel_vault_3, golden_pit, hallway_of_sentries,
          crystal_vault_3, iron_vault_4, final_vault]

Skill      XL: |  1  2  3  4  5  6  7  8  9 10 11 12 13 14 15 16 17 18 19 20 21 |
---------------+----------------------------------------------------------------+-----
Stealth        | 7 |  7.0
Unarmed Combat | 7 10 | 10.7
Fighting       | 6 7 9 12 14 16 18 19 25 26 | 26.5
Dodging        | 9 10 12 15 16 18 | 18.3
Invocations    | 12 17 19 20 22 23 24 27 | 27.0
Spellcasting   | 2 9 13 17 18 23 24 | 24.8
Shields        | 7 16 22 27 | 27.0
Polearms       | 15 21 27 | 27.0
Summonings     | 15 21 27 | 27.0
Translocations | 15 18 | 18.7
Air Magic      | 13 | 13.8
Short Blades   | |  1.0
Evocations     | |  3.2

Action                   |  1- 3 |  4- 6 |  7- 9 | 10-12 | 13-15 | 16-18 | 19-21 || total
-------------------------+-------+-------+-------+-------+-------+-------+-------++-------
Melee: Trident           |       |    22 |       |       |       |       |       ||    22
       Constrict         |       |    12 |     8 |    14 |    14 |    18 |     8 ||    74
       Tentacles         |       |     6 |    12 |    18 |    48 |    41 |    32 ||   157
       Punch             |       |     4 |     8 |     5 |    18 |    17 |    12 ||    64
       Unarmed           |       |    24 |    81 |    60 |    76 |     6 |       ||   247
       Kick              |       |       |       |       |    59 |    61 |    38 ||   158
       Demon trident     |       |       |       |       |       |   212 |   196 ||   408
Throw: Javelin           |       |       |       |       |       |       |     1 ||     1
 Cast: Aura of Abjuratio |       |       |       |       |       |       |     1 ||     1
Invok: Grow Oklob        |       |       |     3 |    24 |    29 |    21 |    40 ||   117
       Overgrow          |       |       |       |     3 |    14 |     7 |     4 ||    28
       Wall of Briars    |       |       |       |       |     1 |       |       ||     1
       Grow Ballistomyce |       |       |       |       |       |       |     1 ||     1
Evoke: Wand              |     1 |     2 |     3 |     6 |       |       |       ||    12
  Use: Potion            |       |     1 |     5 |     5 |     6 |     7 |     6 ||    30
       Scroll            |       |       |       |       |     5 |       |       ||     5
 Stab: Sleeping          |       |     5 |     2 |     2 |     3 |    15 |     1 ||    28
       Invisible         |       |       |     3 |       |       |       |       ||     3
       Distracted        |       |       |     1 |     1 |     7 |    23 |    25 ||    57
       Confused          |       |       |       |       |     1 |       |       ||     1
  Eat: Chunk             |       |       |       |    12 |     5 |     6 |     6 ||    29
       Ration            |       |       |       |     1 |     3 |     2 |     3 ||     9
Armor: Skin              |       |     3 |     1 |       |       |     2 |       ||     6
Dodge: Dodged            |       |    23 |    72 |    88 |    33 |    36 |    36 ||   288
Block: Tower shield      |       |       |       |       |    68 |    96 |    71 ||   235

Table legend:
 A = Non-vault XP
 B = Vault XP
 C = Vault XP percentage of total XP
 D = Non-vault monster count
 E = Vault monster count
 F = Vault count percentage of total count
                 A         B        C        D         E       F
            +---------+---------+-------+---------+---------+-------
      Total |       0 |  524644 | 100.0 |       0 |     533 | 100.0
            +---------+---------+-------+---------+---------+-------
          D |       0 |  524644 | 100.0 |       0 |     533 | 100.0
            +---------+---------+-------+---------+---------+-------
